AoeStats
← Blowie

MegaRandom

505259106Analyzed
1v1 RM · 24d ago on Sep 8, 2026· 95m 31s· 2 players
Game mode
Random Map
Map size
Tiny (2 player)
Population
200
Speed
Normal
Resources
Standard
Victory
Conquest
Starting age
Dark Age
Ending age
Imperial Age
RankedLock teamsTeams togetherTeam positionsShared explorationLock speedFull tech treeHidden civsTurbo modeCheats
Victory
Defeat
🇦🇷 Huns · Argentina
952
+15
🇧🇪 Japanese · Belgium
937
-15
Blowie
6:43 Loom
9:48 Feudal Age
10:35 Double-Bit Axe
12:02 Horse Collar
16:29 Wheelbarrow
17:41 Town Watch
20:32 Castle Age
20:50 Scale Mail Armor
21:25 Bow Saw
21:48 Chain Mail Armor
20:55 Pikeman
21:42 Squires
22:16 Gold Mining
22:16 Stone Mining
22:01 Elite Skirmisher
24:28 Heavy Plow
24:54 Arson
27:40 Gold Shaft Mining
30:44 Forging
35:47 Yasama
38:23 Imperial Age
35:56 Town Patrol
37:28 Fervor
37:23 Devotion
37:53 Hand Cart
39:27 Fletching
40:13 Iron Casting
40:09 Plate Mail Armor
42:28 Conscription
42:22 Thumb Ring
43:11 Thumb Ring
43:43 Parthian Tactics
43:21 Bodkin Arrow
43:27 Padded Archer Armor
46:10 Two-Man Saw
45:57 Ballistics
45:51 Masonry
46:55 Bracer
47:10 Leather Archer Armor
47:59 Chemistry
48:02 Treadmill Crane
48:42 Halberdier
50:37 Ring Archer Armor
58:00 Medium Warships
58:50 Heavy Cavalry Archer
60:36 Heavy Warships
68:31 Capped Ram
70:10 Capped Ram
71:53 Light Cavalry
72:44 Bloodlines
72:34 Husbandry
75:05 Siege Engineers
83:38 Blast Furnace
88:02 Blast Furnace
CarloMagno
1:57 Loom
11:19 Feudal Age
11:59 Double-Bit Axe
11:58 Horse Collar
12:10 Gold Mining
13:32 Fishing Lines
19:05 Castle Age
20:10 Wheelbarrow
19:21 Town Watch
20:22 Bow Saw
21:23 Gold Shaft Mining
21:14 Heavy Plow
21:47 Arson
22:03 Squires
21:25 Man-at-Arms
21:26 Pikeman
22:58 Fletching
23:13 Scale Mail Armor
23:25 Forging
25:17 Long Swordsman
27:35 Iron Casting
28:40 Fletching
29:08 Chain Mail Armor
30:27 Bodkin Arrow
30:33 Padded Archer Armor
30:39 Scale Barding Armor
30:48 Masonry
30:42 Husbandry
30:53 Bloodlines
32:19 Ballistics
33:20 Chain Barding Armor
36:13 Hand Cart
36:00 Town Patrol
36:39 Fervor
37:19 Stone Mining
41:48 Imperial Age
41:52 Cavalier
43:34 Blast Furnace
43:10 Plate Barding Armor
43:39 Chemistry
42:52 Guilds
43:15 Paladin
45:06 Two-Man Saw
45:32 Bracer
45:44 Gillnets
46:08 Medium Warships
47:07 Murder Holes
47:22 Careening
47:23 Clinker Construction
49:35 Conscription
49:36 Atheism
52:01 Dry Dock
52:01 Carvel Hull
52:20 Light Cavalry
55:16 Hussar
61:17 Heavy Warships
60:12 Demolition Ship
60:33 Sappers
62:02 Heavy Demolition Ship
62:54 Capped Ram
71:24 Thumb Ring
76:50 Elite Skirmisher
76:56 Crossbowman
82:29 Leather Archer Armor
83:38 Halberdier
90:57 Two-Handed Swordsman
Connection lost

Rejoining the realm…

Still unreachable

The connection could not be restored.

Session expired

The server has moved on; the page needs a fresh start.